AoeStats
← Wei-Wei

Black Forest

508873114Analyzed
4v4 RM · 6d ago on Sep 24, 2026· 91m 50s· 8 players
Game mode
Random Map
Map size
Large (8 player)
Population
200
Speed
Normal
Resources
Standard
Victory
Conquest
Starting age
Dark Age
Ending age
Imperial Age
RankedLock teamsTeams togetherTeam positionsShared explorationLock speedFull tech treeHidden civsTurbo modeCheats
Victory
Defeat
🇨🇳 Bohemians · China
839
+13
🇨🇳 Saracens · China
837
+13
🇮🇹 Italians · Italy
723
+17
🇨🇳 Spanish · China
634
+21
🇹🇼 Turks · Taiwan
853
-20
🇹🇼 Saxons · Taiwan
760
-16
🇹🇼 Jurchens · Taiwan
755
-16
🇹🇼 Slavs · Taiwan
656
-12
carognavera
10:11 Feudal Age
11:34 Wheelbarrow
10:48 Double-Bit Axe
10:51 Horse Collar
16:09 Gold Mining
22:21 Castle Age
22:21 Stone Mining
23:24 Hand Cart
23:22 Bow Saw
23:15 Heavy Plow
26:33 Stone Shaft Mining
32:09 Imperial Age
30:06 Caravan
31:33 Forging
31:23 Scale Mail Armor
31:24 Padded Archer Armor
31:14 Fletching
32:22 Ballistics
31:53 Heated Shot
32:10 Squires
31:30 Pikeman
31:56 Arson
32:09 Pikeman
34:15 Chemistry
34:34 Iron Casting
34:15 Chain Mail Armor
34:16 Leather Archer Armor
34:48 Crop Rotation
35:34 Two-Man Saw
37:21 Bodkin Arrow
37:56 Ring Archer Armor
37:57 Plate Mail Armor
38:27 Blast Furnace
38:30 Elite Genoese Crossbowman
39:14 Bracer
47:40 Bombard Tower
47:07 Arrowslits
47:12 Guard Tower
47:35 Masonry
47:07 Treadmill Crane
53:58 Keep
53:54 Architecture
54:28 Coinage
54:08 Guilds
59:10 Banking
兰陵王
0:36 Loom
14:08 Feudal Age
19:55 Castle Age
22:29 Fervor
35:47 Wheelbarrow
35:00 Town Watch
36:49 Hand Cart
37:00 Hand Cart
41:59 Imperial Age
41:12 Chemistry
40:23 Fortified Wall
40:09 Murder Holes
40:37 Pikeman
41:26 Squires
43:09 Conscription
42:16 Halberdier
43:26 Wagenburg Tactics
43:32 Siege Engineers
43:20 Fletching
43:30 Scale Mail Armor
43:41 Forging
45:47 Bodkin Arrow
46:08 Chain Mail Armor
46:28 Iron Casting
49:34 Arson
49:43 Houfnice
73:44 Elite Skirmisher
86:09 Double-Bit Axe
89:10 Ballistics
89:18 Bow Saw
89:20 Caravan
LUKE
0:59 Loom
14:52 Feudal Age
15:57 Double-Bit Axe
15:57 Horse Collar
19:42 Castle Age
17:45 Stone Mining
22:50 Wheelbarrow
22:37 Town Watch
24:33 Gold Mining
27:33 Hand Cart
30:08 Heavy Plow
30:21 Bow Saw
31:13 Gold Shaft Mining
35:12 Imperial Age
33:42 Murder Holes
33:58 Fortified Wall
33:59 Masonry
34:09 Ballistics
34:44 Town Patrol
34:38 Guard Tower
36:56 Chemistry
37:23 Thumb Ring
37:18 Onager
38:33 Bloodlines
38:24 Husbandry
38:55 Conscription
39:12 Hoardings
38:05 Light Cavalry
43:49 Siege Engineers
44:44 Squires
44:29 Arson
44:30 Gambesons
46:20 Hussar
49:38 Bimaristan
51:49 Scale Barding Armor
51:55 Forging
51:36 Fletching
51:46 Padded Archer Armor
53:28 Pikeman
56:02 Elite Mameluke
60:18 Iron Casting
60:16 Scale Mail Armor
60:12 Bodkin Arrow
60:59 Leather Archer Armor
61:55 Heavy Camel Rider
62:51 Elite Skirmisher
65:38 Counterweights
67:21 Siege Onager
69:27 Caravan
85:52 Chain Barding Armor
dog108
4:48 Loom
13:43 Feudal Age
15:05 Horse Collar
15:20 Double-Bit Axe
23:15 Castle Age
28:33 Imperial Age
26:25 Heavy Plow
26:43 Bow Saw
28:40 Caravan
32:30 Two-Man Saw
36:25 Chemistry
35:29 Gold Mining
35:30 Stone Mining
36:48 Wheelbarrow
37:20 Pikeman
38:38 Supremacy
40:03 Elite Conquistador
40:09 Halberdier
41:21 Cavalier
42:46 Paladin
46:47 Onager
48:11 Elite Conquistador
53:46 Husbandry
59:24 Forging
59:14 Scale Mail Armor
59:20 Scale Barding Armor
59:07 Fletching
59:17 Padded Archer Armor
59:41 Ballistics
59:17 Murder Holes
61:07 Elite Conquistador
61:49 Inquisition
66:22 Coinage
84:44 Bloodlines
83:54 Light Cavalry
85:42 Chain Barding Armor
85:37 Chain Mail Armor
85:58 Iron Casting
85:19 Bodkin Arrow
85:40 Leather Archer Armor
87:41 Hoardings
86:37 Sappers
87:32 Conscription
rayy0705
1:10 Loom
15:55 Feudal Age
19:01 Horse Collar
19:14 Double-Bit Axe
24:04 Castle Age
24:31 Gold Mining
24:32 Stone Mining
26:18 Wheelbarrow
27:30 Bow Saw
27:28 Fishing Lines
28:45 Pikeman
29:28 Squires
29:14 Arson
32:47 Gambesons
35:48 Heavy Plow
40:50 Imperial Age
41:12 Scale Mail Armor
41:25 Forging
40:53 Halberdier
42:17 Shield Wall
45:00 Chemistry
44:13 Fortified Wall
44:25 Scale Barding Armor
44:44 Caravan
44:54 Capped Ram
47:11 Chain Mail Armor
47:33 Iron Casting
47:53 Elite Varangian Guard
50:07 Two-Man Saw
50:46 Siege Ram
54:24 Crop Rotation
54:48 Elite Hearth Troop
55:50 Conscription
56:49 Chain Barding Armor
57:00 Plate Mail Armor
72:17 Elite Skirmisher
75:17 Padded Archer Armor
75:08 Fletching
75:56 Hand Cart
85:44 Cranequins
大師FAN
7:11 Loom
12:42 Feudal Age
16:37 Castle Age
14:40 Double-Bit Axe
14:45 Horse Collar
15:33 Fishing Lines
17:50 Bow Saw
18:52 Heavy Plow
23:40 Wheelbarrow
25:47 Hand Cart
25:57 Gold Mining
25:57 Stone Mining
27:38 Town Watch
30:52 Imperial Age
28:51 Town Patrol
28:45 Fletching
29:06 Forging
28:56 Scale Mail Armor
28:57 Padded Archer Armor
30:27 Fervor
30:37 Sanctity
30:30 Gillnets
33:23 Iron Casting
33:03 Chain Mail Armor
33:03 Leather Archer Armor
32:54 Scale Barding Armor
32:44 Bodkin Arrow
33:32 Bombard Tower
33:33 Ballistics
33:09 Murder Holes
32:54 Treadmill Crane
33:25 Masonry
35:50 Artillery
36:11 Sipahi
36:11 Conscription
35:22 Sappers
36:01 Squires
35:22 Man-at-Arms
35:47 Arson
36:33 Parthian Tactics
37:02 Husbandry
37:12 Bloodlines
37:29 Caravan
37:39 Guilds
40:09 Heavy Camel Rider
40:10 Cavalier
41:22 Ring Archer Armor
40:52 Bracer
41:53 Blast Furnace
41:24 Plate Mail Armor
41:14 Chain Barding Armor
41:48 Elite Janissary
43:03 Hoardings
43:33 Thumb Ring
43:12 Heavy Cavalry Archer
43:12 Crossbowman
45:33 Two-Man Saw
45:09 Gold Shaft Mining
48:16 Heavy Scorpion
48:17 Capped Ram
48:18 Long Swordsman
48:44 Arson
51:39 Coinage
51:43 Redemption
51:34 Devotion
52:12 Theocracy
51:37 Atonement
55:44 Heated Shot
56:04 Fortified Wall
55:45 Guard Tower
55:40 Arrowslits
56:26 Architecture
56:07 Clinker Construction
56:08 Careening
64:18 Banking
70:18 Faith
71:43 Heresy
81:31 Plate Barding Armor
81:35 Keep
81:05 Siphons
81:21 Carvel Hull
81:21 Dry Dock
81:22 Shipwright
80:24 Two-Handed Swordsman
80:27 Siege Ram
n26066416
0:30 Loom
13:03 Feudal Age
15:17 Wheelbarrow
16:02 Town Watch
16:23 Double-Bit Axe
16:25 Horse Collar
20:19 Gold Mining
20:27 Stone Mining
23:04 Castle Age
21:41 Forging
21:32 Scale Mail Armor
21:33 Padded Archer Armor
23:21 Fletching
23:37 Scale Barding Armor
25:21 Bow Saw
25:16 Heavy Plow
25:44 Hand Cart
26:09 Town Patrol
29:15 Gold Shaft Mining
32:48 Caravan
33:18 Coinage
32:34 Pikeman
33:15 Squires
35:22 Iron Casting
35:02 Chain Mail Armor
34:45 Bodkin Arrow
35:13 Leather Archer Armor
35:19 Chain Barding Armor
35:45 Elite Skirmisher
37:35 Masonry
37:46 Ballistics
37:22 Murder Holes
37:38 Fortified Wall
37:19 Guard Tower
40:04 Imperial Age
40:32 Halberdier
43:17 Light Cavalry
44:08 Bloodlines
43:58 Husbandry
43:19 Cavalier
46:32 Banking
46:39 Crop Rotation
47:31 Two-Man Saw
47:30 Onager
47:49 Hussar
47:50 Cavalier
51:18 Heavy Scorpion
53:26 Chemistry
54:19 Detinets
59:27 Elite Boyar
60:08 Druzhina
87:29 Blast Furnace
87:00 Plate Mail Armor
87:05 Plate Barding Armor
87:01 Ring Archer Armor
Wei-Wei
0:30 Loom
16:18 Feudal Age
21:37 Castle Age
24:06 Horse Collar
24:15 Double-Bit Axe
24:27 Fletching
24:37 Padded Archer Armor
30:45 Heavy Plow
30:59 Bow Saw
32:25 Gold Mining
34:00 Gold Shaft Mining
33:25 Bodkin Arrow
33:46 Leather Archer Armor
37:39 Imperial Age
38:09 Ballistics
38:01 Masonry
38:02 Fortified Wall
40:06 Chemistry
40:34 Pikeman
45:29 Bracer
46:00 Ring Archer Armor
56:59 Halberdier
57:40 Squires
57:26 Arson
60:57 Forging
60:54 Scale Barding Armor
61:17 Conscription
64:07 Thunderclap Bombs
66:08 Heavy Rocket Cart
69:33 Fortified Bastions
70:22 Iron Casting
69:49 Scale Mail Armor
87:29 Siege Engineers
87:59 Architecture
Connection lost

Rejoining the realm…

Still unreachable

The connection could not be restored.

Session expired

The server has moved on; the page needs a fresh start.